 Dungeon Crawl Stone Soup version 0.30-a0-702-gdf48620a09 (webtiles) character file.

Game seed: 627382731346486442

1570 Dartaoz the Grappler (level 8, 0/70 HPs)
             Began as a Ghoul Monk on Jan 21, 2023.
             Was a Believer of Okawaru.
             Slain by a wight
             ... wielding a +3 spear
              (8 damage)
             ... on level 6 of the Dungeon.
             The game lasted 00:14:51 (4116 turns).

Dartaoz the Grappler (Ghoul Monk)                   Turns: 4116, Time: 00:14:52

Health: 0/70       AC: 15    Str: 17    XL:     8   Next: 90%
Magic:  6/8        EV:  8    Int:  5    God:    Okawaru [**....]
Gold:   241        SH:  0    Dex: 11    Spells: 7/7 levels left

rFire   + . .      SeeInvis .      - Unarmed
rCold   + . .      Faith    .    (no shield)
rNeg    + + +      Spirit   .    D - +0 plate armour
rPois   ∞          Reflect  .    (no helmet)
rElec   .          Harm     .    w - +0 cloak
rCorr   .          Rampage  .    (no gloves)
Will    .....                    (no boots) Stlth
                                 (no amulet)
HPRegen 0.00/turn                G - ring of protection from fire
MPRegen 0.11/turn                (no ring)

@: heroic, inhibited regen
A: claws 1, cold resistance 1, negative energy resistance 3, inhibited
regeneration, torment resistance 2, devour on kill
a: Renounce Religion, Heroism


You were on level 6 of the Dungeon.
You worshipped Okawaru.
Okawaru was pleased with you.
You visited 2 branches of the dungeon, and saw 7 of its levels.

You collected 337 gold pieces.
You spent 96 gold pieces at shops.

Inventory:

Armour
 a - a +0 robe
 h - a +0 ring mail
 k - a +0 chain mail
 w - a +0 cloak (worn)
 D - a +0 plate armour (worn)
Jewellery
 n - a ring of ice
 A - a ring of wizardry
 G - a ring of protection from fire (left claw)
Wands
 l - a wand of flame (21)
 z - a wand of polymorph (8)
 E - a wand of roots (12)
Scrolls
 c - a scroll of silence
 f - 2 scrolls of enchant armour
 g - a scroll of amnesia {unknown}
 j - a scroll of immolation {unknown}
 q - a scroll of fear {unknown}
 r - 2 scrolls of torment {unknown}
 s - 3 scrolls of teleportation {unknown}
 t - 2 scrolls of noise {unknown}
 u - a scroll of vulnerability {unknown}
 v - a scroll of fog {unknown}
 y - a scroll of butterflies {unknown}
 C - 2 scrolls of blinking {unknown}
Potions
 b - a potion of ambrosia
 d - 2 potions of lignification
 e - 4 potions of heal wounds
 i - a potion of degeneration
 m - 2 potions of might
 o - 2 potions of haste
 p - 3 potions of curing
 x - a potion of cancellation {unknown}
 B - a potion of attraction {unknown}
 F - a potion of brilliance {unknown}


   Skills:
 + Level 6.1(11.1) Fighting
 + Level 4.1(9.1) Armour
 + Level 5.1(10.1) Dodging
 - Level 2.1(7.1) Stealth
 + Level 8.1(13.1) Unarmed Combat
 + Level 1.9 Invocations


You had 7 spell levels left.
You didn't know any spells.
Your spell library contained the following spells:

 Spells                   Type           Power      Damage    Failure   Level
 Magic Dart               Conj           0%         1d3       100%        1
 Mephitic Cloud           Conj/Pois/Air  0%         N/A       100%        3
 Call Imp                 Summ           Unusable   N/A       N/A         2

Dungeon Overview and Level Annotations

Branches:
Dungeon (6/15)             Temple (1/1) D:5

Altars:
Fedhas
Hepliaklqana
Kikubaaqudgha
Makhleb
Okawaru
Sif Muna
Uskayaw
Vehumet
Wu Jian
Xom
Yredelemnul

Shops:
D:3 ?   D:4 (


Innate Abilities, Weirdness & Mutations

You are immune to poison.
You have sharp fingernails.
Your flesh is cold resistant. (rC+)
You are immune to negative energy. (rN+++)
You do not regenerate when monsters are visible.
You are immune to unholy pain and torment.
You thrive by killing the living.


Message History

An orc comes into view. It is wielding a +0 hand axe.
The wight barely misses you. The hound barely misses you.
The orc shouts!
You mangle the hound!!
You kill the hound!
Okawaru accepts your kill.
You feel better.
The wight hits you from afar with a +3 spear.
The orc priest begins to cast a cantrip, but forgets the words!
You claw the wight!
The wight is severely damaged.
An orc priest comes into view. It is wielding a +0 hand axe.
The wight closely misses you. The wight hits you but does no damage.
You mangle the wight!!
You destroy the wight!
Okawaru accepts your kill.
The wight hits you from afar with a +3 spear.
You scratch the adder. Your claw misses the adder.
The adder is lightly wounded.
The adder bites you but does no damage.
You scratch the adder.
The adder is heavily wounded.
An orc comes into view. It is wielding a +0 club.
The wight hits you from afar with a +3 spear.
* * * LOW HITPOINT WARNING * * *
The adder barely misses you.
You mangle the adder!!
You kill the adder!
Okawaru accepts your kill.
The wight hits you from afar with a +3 spear!
* * * LOW HITPOINT WARNING * * *
The wight hits you with a +3 spear.
* * * LOW HITPOINT WARNING * * *
Items here: )))) [[ ††.
You closely miss the wight. Your claw misses the wight.
The wight closely misses you.
You claw the wight!
The wight is severely damaged.
The wight hits you with a +3 spear!
You die...

#..........#
#..........##.# ..>
#........... .# ..
#.........# .#..# .
#........o# .#..#..
#.........###.......
#.....<.............
#........o###o......
##.......oz@))##
##......o#####
###.....# #.....#
#.....# #######


You could see a wight, 2 orc priests and 2 orcs.

Vanquished Creatures
  Sigmund (D:3)
  A steam dragon (D:5)
  2 water moccasins (D:4)
  An orc warrior (D:6)
  An ogre (D:5)
  A centaur (D:6)
  2 necrophages
  A scorpion (D:3)
  A wight (D:6)
  A howler monkey (D:6)
  2 hounds
  3 orc priests
  A gnoll bouda (D:6)
  Jessica (D:3)
  2 orc wizards
  Natasha (thrice) (D:2)
  5 gnolls
  7 adders
  3 worms
  2 dart slugs
  10 orcs
  4 bats
  11 endoplasms
  5 giant cockroaches
  4 goblins
  2 hobgoblins
  10 jackals
  11 kobolds
  3 quokkas
  9 ball pythons
  A frilled lizard (D:3)
  5 rats
116 creatures vanquished.

Notes
Turn   | Place    | Note
-------+----------+-------------------------------------------
     0 | D:1      | Dartaoz the Ghoul Monk began the quest for the Orb.
     0 | D:1      | Reached XP level 1. HP: 19/19 MP: 0/0
    98 | D:1      | Reached XP level 2. HP: 26/26 MP: 1/1
   109 | D:1      | Reached skill level 4 in Unarmed Combat
   331 | D:1      | Reached XP level 3. HP: 28/31 MP: 2/2
   976 | D:2      | Noticed Natasha
   984 | D:2      | Killed Natasha
   985 | D:2      | Reached skill level 5 in Unarmed Combat
   985 | D:2      | Reached XP level 4. HP: 33/38 MP: 3/3
  1159 | D:2      | Found a shimmering altar of Xom.
  1211 | D:2      | Noticed Natasha
  1217 | D:2      | Killed Natasha
  1222 | D:2      | Noticed Natasha
  1234 | D:2      | Killed Natasha
  1235 | D:2      | Reached skill level 6 in Unarmed Combat
  1235 | D:2      | Reached XP level 5. HP: 28/45 MP: 4/4
  1604 | D:3      | Found Hawananuff's Magic Scroll Shoppe.
  1608 | D:3      | Bought a scroll of identify for 24 gold pieces
  1608 | D:3      | Bought a scroll of identify for 24 gold pieces
  1608 | D:3      | Bought a scroll of identify for 24 gold pieces
  1608 | D:3      | Bought a scroll of identify for 24 gold pieces
  1624 | D:3      | Reached skill level 1 in Armour
  1712 | D:3      | Noticed Sigmund
  1831 | D:3      | Killed Sigmund
  1832 | D:3      | Reached XP level 6. HP: 52/52 MP: 5/5
  1832 | D:3      | Noticed Jessica
  1851 | D:3      | Killed Jessica
  2163 | D:4      | Reached XP level 7. HP: 60/60 MP: 6/6
  2407 | D:4      | Reached skill level 7 in Unarmed Combat
  2641 | D:4      | Found a hazy altar of Hepliaklqana.
  2742 | D:4      | Found Tomerrad's Antique Weapon Emporium.
  2750 | D:4      | Reached skill level 5 in Fighting
  2874 | D:5      | Entered Level 5 of the Dungeon
  3023 | D:5      | Reached XP level 8. HP: 60/68 MP: 7/7
  3475 | D:5      | Found a staircase to the Ecumenical Temple.
  3481 | Temple   | Entered the Ecumenical Temple
  3523 | Temple   | Became a worshipper of Warmaster Okawaru
  3523 | Temple   | Reached * piety under Okawaru
  3523 | Temple   | Reached ** piety under Okawaru
  4067 | D:6      | Reached skill level 1 in Invocations
  4094 | D:6      | Reached skill level 5 in Dodging
  4094 | D:6      | Reached skill level 8 in Unarmed Combat
  4116 | D:6      | Slain by a wight

Illustrated notes

Levels and vault maps discovered:
D:1:      lemuel_arrival_behind_the_door_large, layout_rooms,
          chequers_arboretum, dreamdust_wishing_well
D:2:      layout_basic, basic_altar, uniq_natasha
D:3:      layout_basic, serial_shops, shop, uniq_jessica, uniq_sigmund
D:4:      layout_basic, mainiacjoe_overflow_cross_hatched, serial_shops,
          nicolae_shop_hallway_plus, minmay_increasing_density
D:5:      layout_basic, minmay_temple_entry_enclosed_plants
D:6:      layout_rooms, uniq_duvessa, uniq_eustachio
Temple:   hellmonk_temple_of_storms

Skill      XL: |  1  2  3  4  5  6  7  8 |
---------------+-------------------------+-----
Unarmed Combat | 4 5 6 7 8 |  8.1
Dodging        | 3 4 5 |  5.1
Armour         | 1 2 3 4 |  4.1
Fighting       | 4 5 6 |  6.1
Invocations    | 1 |  1.9
Stealth        | |  2.1

Action                   |  1- 3 |  4- 6 |  7- 9 || total
-------------------------+-------+-------+-------++-------
Melee: Unarmed           |   116 |   109 |   184 ||   409
       Punch             |     2 |     1 |    10 ||    13
Invok: Heroism           |       |       |     2 ||     2
  Use: Scroll            |       |     8 |       ||     8
       Potion            |       |       |     3 ||     3
 Stab: Sleeping          |     1 |       |       ||     1
Armor: Robe              |     9 |       |       ||     9
       Ring mail         |    11 |       |       ||    11
       Chain mail        |    28 |    42 |    32 ||   102
       Plate armour      |       |       |   101 ||   101
Dodge: Dodged            |    43 |    29 |    74 ||   146

Table legend: (Time is in decaauts)
 A = Elapsed time spent in this place.
 B = Non-inter-level travel time spent in this place.
 C = Inter-level travel time spent in this place.
 D = Time resting spent in this place.
 E = Time spent auto-exploring this place.
 F = Levels seen in this place.
 G = Mean time per level.
                   A        B        C        D        E       F      G
               +--------+--------+--------+--------+--------+-----+--------+
         Total |   4068 |   3923 |    145 |    115 |   2917 |   7 |  581.1 |
       Dungeon |   4010 |   3879 |    131 |    115 |   2893 |   6 |  668.3 |
        Temple |     57 |     43 |     14 |      0 |     24 |   1 |   57.0 |
               +--------+--------+--------+--------+--------+-----+--------+

Top non-repeatable levels by time:
     D:5: 940 daAuts
     D:4: 934 daAuts
     D:3: 706 daAuts
     D:1: 697 daAuts
     D:2: 638 daAuts
     D:6: 93 daAuts
  Temple: 57 daAuts
